 Dungeon Crawl Stone Soup version 0.25.1-3-ge44b62a0b3 (webtiles) character file.

Game seed: 3918261949005930526

225 DogServant the Ruffian (level 5, 0/41 HPs)
             Began as a Draconian Transmuter on Nov 22, 2020.
             Slain by a hound (1 damage)
             ... on level 3 of the Dungeon.
             The game lasted 00:06:15 (3253 turns).

DogServant the Ruffian (Draconian Transmuter)       Turns: 3253, Time: 00:06:15

Health: 0/41       AC:  5    Str: 10 (13) XL:     5   Next: 68%
Magic:  2/8        EV: 12    Int: 12 (13) God:
Gold:   238        SH:  0    Dex: 10 (12) Spells: 2/8 levels left

rFire    . . .     SeeInvis .     - Unarmed
rCold    . . .     Gourm    .   (no shield)
rNeg     . . .     Faith    .   (armour unavailable)
rPois    .         Spirit   .   (helmet restricted)
rElec    .         Reflect  .   (no cloak)
rCorr    .         Harm     .   (no gloves)
MR       .....                  (boots currently unavailable)
Stlth    +.........             (no amulet)
HPRegen  0.13/turn              (no ring)
MPRegen  0.11/turn              (no ring)

@: brilliant, appendage, flying, very slightly contaminated, slowed, very slow
A: unfitting armour, talons 3, cold-blooded, AC +5
a: End Transformation


You were on level 3 of the Dungeon.
You were very hungry.
You had grown temporary talons.
You visited 2 branches of the dungeon, and saw 5 of its levels.

You collected 238 gold pieces.

Inventory:

Missiles
 a - 28 arrows
 k - 35 poisoned darts (quivered)
Jewellery
 f - a cursed -4 ring of strength {unknown}
 r - an uncursed ring of ice {unknown}
Wands
 p - a wand of enslavement (10)
Scrolls
 b - a scroll of enchant weapon {unknown}
 e - a scroll of fog {unknown}
 g - 3 scrolls of remove curse
 i - 2 scrolls of teleportation {unknown}
 j - a scroll of noise {unknown}
 n - 2 scrolls of amnesia {unknown}
 o - a scroll of identify {unknown}
 s - a scroll of magic mapping {unknown}
Potions
 h - a potion of brilliance
 m - 3 potions of curing
 q - a potion of heal wounds
Comestibles
 c - 7 rations


   Skills:
 - Level 2.0 Fighting
 - Level 2.0 Dodging
 + Level 4.8 Unarmed Combat
 - Level 2.0 Spellcasting
 + Level 4.2 Transmutations


You had 2 spell levels left.
You knew the following spells:

 Your Spells              Type           Power        Failure   Level  Hunger
a - Beastly Appendage     Tmut           ###...       4%          1    None
b - Sticks to Snakes      Tmut           ###.....     8%          2    None
c - Spider Form           Tmut/Pois      #.........   34%         3    None

Your spell library contained the following spells:

 Spells                   Type           Power        Failure   Level  Hunger
 Ice Form                 Ice/Tmut       #.......     75%         4    None
 Blade Hands              Tmut           ###.......   80%         5    None


Dungeon Overview and Level Annotations

Branches:
Dungeon (4/15)             Temple (1/1) D:4

Altars:
Cheibriados
Dithmenos
Elyvilon
Fedhas
Gozag
Nemelex Xobeh
Qazlal
Sif Muna
Trog
Zin


Innate Abilities, Weirdness & Mutations

Your plain brown scales are hard. (AC +5)
You cannot fit into any form of body armour.
You are cold-blooded and may be slowed by cold attacks.
You have claws for feet.


Message History

The hound is almost dead.
The hound bites you.
* * * LOW HITPOINT WARNING * * *
The hound bites you.
* * * LOW HITPOINT WARNING * * *
You hit the hound but do no damage.
The hound is severely wounded.
The hound closely misses you. The hound bites you.
* * * LOW HITPOINT WARNING * * *
The orc wizard gestures wildly while chanting.
The orc wizard blinks!
You miss the hound.
The hound is severely wounded.
The hound misses you. The hound bites you but does no damage.
You closely miss the hound. You tail-slap the hound.
The hound is almost dead.
The hound bites you.
* * * LOW HITPOINT WARNING * * *
The hound bites you.
You die...

.....# #.# #..# #.......##
####.# #.# #..# #.#.#.#..#
####.###.# #..# #........#
.........# #..#
#.#.#.#..## ####.#####
#..####.......... ## #.#
#...[...#.#.#..## .# #.#
#..####........# .# #.#
##########).#####.#######
.###.###...o.ooh@........#
.(....(.......s########.##
.........####### #.#
########## #.# #.# #.#
##### ########.# ....#
#........# ###รท#
#.########


You could see a hound, an orc wizard (fast), 2 orcs and a giant cockroach.

Vanquished Creatures
  A scorpion (D:3)
  A hound (D:4)
  An orc wizard (D:4)
  A gnoll (D:1)
  2 adders
  3 dart slugs
  5 leopard geckos
  5 orcs
  9 bats
  5 giant cockroaches
  11 goblins
  8 hobgoblins
  5 jackals
  A quokka (D:3)
  4 frilled lizards
  6 kobolds
  2 rats
70 creatures vanquished.

Notes
Turn   | Place    | Note
-------+----------+-------------------------------------------
     0 | D:1      | DogServant the Draconian Transmuter began the quest for the
                  | Orb.
     0 | D:1      | Reached XP level 1. HP: 16/16 MP: 3/3
   235 | D:1      | Reached XP level 2. HP: 23/24 MP: 0/5
   354 | D:1      | HP: 1/24 [gnoll/+0 spear (3)]
   720 | D:1      | Reached XP level 3. HP: 27/29 MP: 4/6
  1507 | D:2      | Learned a level 2 spell: Sticks to Snakes
  1511 | D:2      | Learned a level 3 spell: Spider Form
  1707 | D:3      | Reached XP level 4. HP: 36/36 MP: 7/7
  2528 | D:3      | Found an opulent altar of Gozag.
  2547 | D:3      | Reached XP level 5. HP: 41/41 MP: 5/8
  2766 | D:4      | Found a staircase to the Ecumenical Temple.
  2778 | Temple   | Entered the Ecumenical Temple
  3251 | D:3      | HP: 2/41 [hound (5)]
  3253 | D:3      | Slain by a hound

Illustrated notes

Levels and vault maps discovered:
D:1:      evilmike_arrival_plus, layout_basic, minivault_23, minmay_pentomino_w2
D:2:      layout_rooms
D:3:      layout_loops_ring, nicolae_gozag_cash_rules_everything_around_me,
          serial_glass, glass_columns_a, glass_columns_b
D:4:      layout_basic, lemuel_zombie_altar_yredelemnul, temple_statues,
          serial_glass, glass_columns_c, glass_columns_c, glass_columns_b,
          glass_columns_a, glass_columns_b, glass_columns_c, serial_shops,
          kennysheep_mini
Temple:   jpeg_temple_island

Skill      XL: |  1  2  3  4  5 |
---------------+----------------+-----
Fighting       | 2 |  2.0
Dodging        | 2 |  2.0
Transmutations | 3 4 |  4.2
Unarmed Combat | 4 |  4.8
Spellcasting   | |  2.0

Action                   |  1- 3 |  4- 6 || total
-------------------------+-------+-------++-------
Melee: Unarmed           |   129 |   124 ||   253
       Headbutt          |     6 |     4 ||    10
       Kick              |     6 |     7 ||    13
       Tailslap          |    11 |    21 ||    32
       Punch             |     1 |     2 ||     3
 Cast: Beastly Appendage |    17 |    19 ||    36
       Sticks to Snakes  |       |     4 ||     4
  Use: Potion            |       |     5 ||     5
       Scroll            |       |     1 ||     1
 Stab: Sleeping          |     1 |     1 ||     2
  Eat: Chunk             |     3 |     5 ||     8
Armor: Skin              |    40 |    59 ||    99
Dodge: Dodged            |   101 |   127 ||   228
